PCL
TEXARKANA BEARS @ LAS VEGAS STARS
09/09/2028
 
TOP OF THE 1ST
Texarkana Bears batting - Pitching for Las Vegas Stars : LHP Carlos Castillo
Pitching: LHP Carlos Castillo
Batting: LHB Guy Moss 0-0: Swinging Strike
0-1: Ball
1-1: Called Strike
1-2: Strikes out swinging
Batting: RHB Tony Reyes 0-0: Called Strike
0-1: Ball
1-1: Ball
2-1: Called Strike
2-2: Ball
3-2: Foul Ball, location: 2F
3-2: Base on Balls
Batting: RHB Billy Campbell 0-0: Ball
1-0: Ball
2-0: Foul Ball, location: 2F
2-1: Ball
3-1: Ground out 4-3 (Groundball, 34)
Tony Reyes to second
Batting: RHB Michael Barraclough 0-0: Foul Ball, location: 2F
0-1: Foul Ball, location: 2F
0-2: Ground out 6-3 (Groundball, 6M)
Top of the 1st over - 0 run(s), 0 hit(s), 0 error(s), 1 left on base; Texarkana 0 - Las Vegas 0
BOTTOM OF THE 1ST
Las Vegas Stars batting - Pitching for Texarkana Bears : RHP Vaughan Gillespie
Pitching: RHP Vaughan Gillespie
Batting: SHB Júlio Salazar 0-0: Ball
1-0: Fly out, F7 (Flyball, 7S)
Batting: RHB Pedro Mata 0-0: Ground out 6-3 (Groundball, 6S)
Batting: LHB Paco Rivera 0-0: Ball
1-0: Ball
2-0: Ball
3-0: Called Strike
3-1: Foul Ball, location: 2F
3-2: Fly out, F9 (Flyball, 9)
Bottom of the 1st over - 0 run(s), 0 hit(s), 0 error(s), 0 left on base; Texarkana 0 - Las Vegas 0
TOP OF THE 2ND
Texarkana Bears batting - Pitching for Las Vegas Stars : LHP Carlos Castillo
Batting: LHB Sam Barnes 0-0: Ball
1-0: Called Strike
1-1: Foul Ball, location: 2F
1-2: Foul Ball, location: 2F
1-2: Foul Ball, location: 2F
1-2: Ball
2-2: Ball
3-2: Base on Balls
Batting: LHB Tom Mullins 0-0: Fly out, F8 (Flyball, 78D)
Batting: RHB Arturo Rodríguez 0-0: Called Strike
0-1: Ball
1-1: Fly out, F9 (Flyball, 89M)
Batting: RHB Steve Garneys 0-0: Ball
Sam Barnes is caught stealing 2nd base
Top of the 2nd over - 0 run(s), 0 hit(s), 0 error(s), 0 left on base; Texarkana 0 - Las Vegas 0
BOTTOM OF THE 2ND
Las Vegas Stars batting - Pitching for Texarkana Bears : RHP Vaughan Gillespie
Batting: SHB Sloan James 0-0: Foul Ball, location: 2F
0-1: Swinging Strike
0-2: Ball
1-2: Ball
2-2: Fly out, F7 (Flyball, 7S)
Batting: LHB Clint Parkinson 0-0: Called Strike
0-1: Ball
1-1: Ball
2-1: Fly out, F2 (Popup, 15S)
Batting: RHB Brandon Pope 0-0: Called Strike
0-1: Ball
1-1: Called Strike
1-2: Foul Ball, location: 2F
1-2: SINGLE (Groundball, 34D)
Batting: RHB Jonathan MacVey 0-0: Called Strike
Brandon Pope steals 2nd base
0-1: Ball
1-1: Called Strike
1-2: Ground out 6-3 (Groundball, 6M)
Bottom of the 2nd over - 0 run(s), 1 hit(s), 0 error(s), 1 left on base; Texarkana 0 - Las Vegas 0
TOP OF THE 3RD
Texarkana Bears batting - Pitching for Las Vegas Stars : LHP Carlos Castillo
Batting: RHB Steve Garneys 0-0: SINGLE (Groundball, 34D)
Batting: RHB Kun Liu 0-0: Ball
1-0: Ball
2-0: Foul Ball, location: 2F
2-1: SINGLE (Groundball, 6MD)
Steve Garneys to second
Runner from 2nd tries for 3rd, SAFE, no throw
Batting: LHB Guy Moss 0-0: SINGLE (Line Drive, 8LS)
Steve Garneys scores
Kun Liu to second
Batting: RHB Tony Reyes 0-0: Called Strike
0-1: Called Strike
0-2: Ball
1-2: Ball
2-2: Foul Ball, location: 2F
2-2: SINGLE (Groundball, 56D)
Kun Liu to third
Guy Moss to second
Batting: RHB Billy Campbell 0-0: Foul Ball, location: 2F
0-1: Called Strike
0-2: Strikes out swinging
Batting: RHB Michael Barraclough 0-0: Ball
1-0: Called Strike
1-1: Ball
2-1: Ball
3-1: Base on Balls
Kun Liu scores
Guy Moss to third
Tony Reyes to second
Batting: LHB Sam Barnes 0-0: Ball
1-0: Ball
2-0: Foul Ball, location: 2F
2-1: Called Strike
2-2: Strikes out swinging
Batting: LHB Tom Mullins 0-0: Ball
1-0: Ball
2-0: Ball
3-0: Called Strike
3-1: Swinging Strike
3-2: Strikes out looking
Top of the 3rd over - 2 run(s), 4 hit(s), 0 error(s), 3 left on base; Texarkana 2 - Las Vegas 0
BOTTOM OF THE 3RD
Las Vegas Stars batting - Pitching for Texarkana Bears : RHP Vaughan Gillespie
Batting: LHB Nathan Frey 0-0: Called Strike
0-1: Foul Ball, location: 2F
0-2: Strikes out looking
Batting: RHB Bobby Miller 0-0: Called Strike
0-1: Called Strike
0-2: Ball
1-2: Foul Ball, location: 2F
1-2: Ball
2-2: Ball
3-2: Foul Ball, location: 2F
3-2: Base on Balls
Batting: SHB Júlio Salazar 0-0: Foul Ball, location: 2F
0-1: Ball
1-1: Foul Ball, location: 2F
1-2: Strikes out swinging
Batting: RHB Pedro Mata 0-0: Ball
Bobby Miller is caught stealing 2nd base
Bottom of the 3rd over - 0 run(s), 0 hit(s), 0 error(s), 0 left on base; Texarkana 2 - Las Vegas 0
TOP OF THE 4TH
Texarkana Bears batting - Pitching for Las Vegas Stars : LHP Carlos Castillo
Batting: RHB Arturo Rodríguez 0-0: Called Strike
0-1: Foul Ball, location: 2F
0-2: Strikes out swinging
Batting: RHB Steve Garneys 0-0: SINGLE (Flyball, 9S)
Batting: RHB Kun Liu 0-0: Ball
Steve Garneys steals 2nd base
1-0: Foul Ball, location: 2F
1-1: Ground out 1-3 (Groundball, P)
Steve Garneys to third
Batting: LHB Guy Moss 0-0: Ball
1-0: Called Strike
1-1: SINGLE (Line Drive, 9S)
Steve Garneys scores
Batting: RHB Tony Reyes 0-0: Called Strike
0-1: Called Strike
Guy Moss is caught stealing 2nd base
Top of the 4th over - 1 run(s), 2 hit(s), 0 error(s), 0 left on base; Texarkana 3 - Las Vegas 0
BOTTOM OF THE 4TH
Las Vegas Stars batting - Pitching for Texarkana Bears : RHP Vaughan Gillespie
Batting: RHB Pedro Mata 0-0: Foul Ball, location: 2F
0-1: Swinging Strike
0-2: Ground out 6-3 (Groundball, 6)
Batting: LHB Paco Rivera 0-0: Ball
1-0: Called Strike
1-1: Ball
2-1: Called Strike
2-2: Fly out, F6 (Line Drive, 6)
Batting: SHB Sloan James 0-0: Ball
1-0: Called Strike
1-1: Fly out, F7 (Line Drive, 78D)
Bottom of the 4th over - 0 run(s), 0 hit(s), 0 error(s), 0 left on base; Texarkana 3 - Las Vegas 0
TOP OF THE 5TH
Texarkana Bears batting - Pitching for Las Vegas Stars : LHP Carlos Castillo
Batting: RHB Tony Reyes 0-0: Foul Ball, location: 2F
0-1: Ball
1-1: Ball
2-1: Ball
3-1: Foul Ball, location: 2F
3-2: Base on Balls
Pitching: RHP Pepe Vázquez
Batting: RHB Billy Campbell 0-0: Ball
1-0: Ball
2-0: Ball
3-0: Base on Balls
Tony Reyes to second
Batting: RHB Michael Barraclough 0-0: Ball
1-0: Ball
2-0: Called Strike
2-1: Ball
3-1: Called Strike
3-2: Base on Balls
Tony Reyes to third
Billy Campbell to second
Batting: LHB Sam Barnes 0-0: Called Strike
0-1: SINGLE (Groundball, 4MD)
Tony Reyes scores
Billy Campbell to third
Michael Barraclough to second
Batting: LHB Tom Mullins 0-0: Called Strike
0-1: Called Strike
0-2: Ball
1-2: Ball
2-2: Foul Ball, location: 2F
2-2: Ball
3-2: Fly out, F8 (Flyball, 8RD)
Runner from 3rd tags up, SCORES, no throw
Batting: RHB Arturo Rodríguez 0-0: Foul Ball, location: 2F
0-1: Ball
1-1: Foul Ball, location: 2F
1-2: Ball
2-2: Foul Ball, location: 2F
2-2: Ball
3-2: SINGLE (Groundball, 6MD)
Michael Barraclough to third
Sam Barnes to second
Michael Barraclough scores
Sam Barnes to third
Pitching: RHP Júlio Sandoval
Batting: RHB Steve Garneys 0-0: Called Strike
0-1: SINGLE (Groundball, 6MD)
Sam Barnes scores
Arturo Rodríguez to second
Batting: RHB Kun Liu 0-0: Called Strike
0-1: Foul Ball, location: 2F
0-2: Ball
1-2: Ball
2-2: Ball
3-2: Foul Ball, location: 2F
3-2: SINGLE (Groundball, 4MD)
Arturo Rodríguez to third
Steve Garneys to second
Batting: LHB Guy Moss 0-0: Called Strike
0-1: Foul Ball, location: 2F
0-2: Foul Ball, location: 2F
0-2: Grounds into double play, 4-6-3 (Groundball, 4)
Top of the 5th over - 4 run(s), 4 hit(s), 0 error(s), 2 left on base; Texarkana 7 - Las Vegas 0
BOTTOM OF THE 5TH
Las Vegas Stars batting - Pitching for Texarkana Bears : RHP Vaughan Gillespie
Batting: LHB Clint Parkinson 0-0: Ball
1-0: Ball
2-0: Swinging Strike
2-1: Ball
3-1: Foul Ball, location: 2F
3-2: Foul Ball, location: 2F
3-2: Foul Ball, location: 2F
3-2: Ground out U3 (Groundball, 3)
Batting: RHB Brandon Pope 0-0: Called Strike
0-1: Ball
1-1: Called Strike
1-2: DOUBLE (Flyball, 8RD)
Batting: RHB Jonathan MacVey 0-0: Foul Ball, location: 2F
0-1: Ground out 5-3 (Groundball, 56S)
Brandon Pope to third
Batting: LHB Nathan Frey 0-0: Ball
1-0: Called Strike
1-1: Ball
2-1: Fly out, F7 (Flyball, 7LDF)
Bottom of the 5th over - 0 run(s), 1 hit(s), 0 error(s), 1 left on base; Texarkana 7 - Las Vegas 0
TOP OF THE 6TH
Texarkana Bears batting - Pitching for Las Vegas Stars : RHP Roberto Moreno
Pitching: RHP Roberto Moreno
Batting: RHB Tony Reyes 0-0: Ball
1-0: Called Strike
1-1: Foul Ball, location: 2F
1-2: Foul Ball, location: 2F
1-2: Ball
2-2: Strikes out swinging
Batting: RHB Billy Campbell 0-0: Ball
1-0: Fly out, F7 (Flyball, 78S)
Batting: RHB Michael Barraclough 0-0: Ball
1-0: Ball
2-0: Called Strike
2-1: Called Strike
2-2: Foul Ball, location: 2F
2-2: Strikes out looking
Top of the 6th over - 0 run(s), 0 hit(s), 0 error(s), 0 left on base; Texarkana 7 - Las Vegas 0
BOTTOM OF THE 6TH
Las Vegas Stars batting - Pitching for Texarkana Bears : RHP Vaughan Gillespie
Batting: RHB Bobby Miller 0-0: Ball
1-0: Called Strike
1-1: Called Strike
1-2: Ball
2-2: Strikes out swinging
Batting: SHB Júlio Salazar 0-0: Ball
1-0: Swinging Strike
1-1: Foul Ball, location: 2F
1-2: Strikes out swinging
Batting: RHB Pedro Mata 0-0: Ball
1-0: Called Strike
1-1: Foul Ball, location: 2F
1-2: Foul Ball, location: 2F
1-2: Ball
2-2: Foul Ball, location: 2F
2-2: Foul Ball, location: 2F
2-2: Foul Ball, location: 2F
2-2: Strikes out swinging
Bottom of the 6th over - 0 run(s), 0 hit(s), 0 error(s), 0 left on base; Texarkana 7 - Las Vegas 0
TOP OF THE 7TH
Texarkana Bears batting - Pitching for Las Vegas Stars : RHP Roberto Moreno
Pitching: RHP Jorge Oliva
Batting: LHB Sam Barnes 0-0: Ball
1-0: Ball
2-0: Called Strike
2-1: Swinging Strike
2-2: Strikes out looking
Batting: LHB Tom Mullins 0-0: Called Strike
0-1: Foul Ball, location: 2F
0-2: Strikes out looking
Batting: RHB Arturo Rodríguez 0-0: Foul Ball, location: 2F
0-1: Called Strike
0-2: Strikes out swinging
Top of the 7th over - 0 run(s), 0 hit(s), 0 error(s), 0 left on base; Texarkana 7 - Las Vegas 0
BOTTOM OF THE 7TH
Las Vegas Stars batting - Pitching for Texarkana Bears : RHP Vaughan Gillespie
Batting: LHB Paco Rivera 0-0: Foul Ball, location: 2F
0-1: Ball
1-1: Ground out 6-3 (Groundball, 6)
Batting: SHB Sloan James 0-0: Swinging Strike
0-1: Called Strike
0-2: Ball
1-2: Strikes out looking
Batting: LHB Clint Parkinson 0-0: Called Strike
0-1: Ball
1-1: Foul Ball, location: 2F
1-2: Strikes out swinging
Bottom of the 7th over - 0 run(s), 0 hit(s), 0 error(s), 0 left on base; Texarkana 7 - Las Vegas 0
TOP OF THE 8TH
Texarkana Bears batting - Pitching for Las Vegas Stars : RHP Jorge Oliva
Batting: RHB Steve Garneys 0-0: Called Strike
0-1: Called Strike
0-2: Strikes out swinging
Batting: RHB Kun Liu 0-0: Foul Ball, location: 2F
0-1: Ball
1-1: Ground out 6-3 (Groundball, 6)
Batting: LHB Guy Moss 0-0: Ball
1-0: Ball
2-0: Foul Ball, location: 2F
2-1: Fly out, F7 (Flyball, 7)
Top of the 8th over - 0 run(s), 0 hit(s), 0 error(s), 0 left on base; Texarkana 7 - Las Vegas 0
BOTTOM OF THE 8TH
Las Vegas Stars batting - Pitching for Texarkana Bears : RHP Vaughan Gillespie
Pitching: RHP António Ramírez
Batting: RHB Brandon Pope 0-0: Ball
1-0: Ball
2-0: Called Strike
2-1: Foul Ball, location: 2F
2-2: Strikes out swinging
Batting: RHB Jonathan MacVey 0-0: Ball
1-0: Ball
2-0: Called Strike
2-1: SOLO HOME RUN (Flyball, 7D), Distance : 409 ft
Batting: LHB Nathan Frey 0-0: SINGLE (Groundball, 6D)
Batting: RHB Bobby Miller 0-0: Called Strike
0-1: Ball
1-1: Ball
2-1: Fly out, F7 (Flyball, 7S)
Batting: SHB Júlio Salazar 0-0: Called Strike
0-1: Ball
1-1: SINGLE (Flyball, 7LS)
Nathan Frey to second
Batting: RHB Pedro Mata 0-0: Swinging Strike
0-1: Ball
1-1: Called Strike
1-2: Strikes out swinging
Bottom of the 8th over - 1 run(s), 3 hit(s), 0 error(s), 2 left on base; Texarkana 7 - Las Vegas 1
TOP OF THE 9TH
Texarkana Bears batting - Pitching for Las Vegas Stars : RHP Jorge Oliva
Batting: RHB Tony Reyes 0-0: Ball
1-0: Called Strike
1-1: Ball
2-1: Foul Ball, location: 2F
2-2: Ball
3-2: Ground out 6-3 (Groundball, 6)
Batting: RHB Billy Campbell 0-0: Ball
1-0: Ground out 4-3 (Groundball, 4)
Batting: RHB Michael Barraclough 0-0: Foul Ball, location: 2F
0-1: Fly out, F9 (Flyball, 9D)
Top of the 9th over - 0 run(s), 0 hit(s), 0 error(s), 0 left on base; Texarkana 7 - Las Vegas 1
BOTTOM OF THE 9TH
Las Vegas Stars batting - Pitching for Texarkana Bears : RHP António Ramírez
Now at C: Alberto Medine
Batting: LHB Paco Rivera 0-0: Called Strike
0-1: Fly out, F7 (Flyball, 7S)
Batting: SHB Sloan James 0-0: Ball
1-0: Fly out, F8 (Line Drive, 8LM)
Batting: LHB Clint Parkinson 0-0: Swinging Strike
0-1: Foul Ball, location: 2F
0-2: Foul Ball, location: 2F
0-2: Ball
1-2: Ball
2-2: DOUBLE (Line Drive, 78D)
Batting: RHB Brandon Pope 0-0: Ball
1-0: Ball
2-0: Foul Ball, location: 2F
2-1: Ball
3-1: Fly out, F9 (Flyball, 9LD)
Bottom of the 9th over - 0 run(s), 1 hit(s), 0 error(s), 1 left on base; Texarkana 7 - Las Vegas 1
Tuesday, August 8th, 2017 - OOTP Baseball 17.12 Build 75